Cogmind - Beta 9.2 @@@ ROGUE MODE // 2019.11.20 @ 05:28:24 Player: Finestep Result: Self-destructed Performance ------------- Evolutions (6) 3000 Regions Visited (18) 3600 Robots Destroyed (312) 1560 Value Destroyed (10818) 10818 Prototype IDs (58) 1160 Alien Tech Used (0) 0 Bonus (4090) 4090 TOTAL SCORE: 24228 Bonus ------- High Alert Combat Kills 2484 Follower Combat Kills 3329 Entered Garrisons 200 Used RIF Installer 500 Network Hubs Disabled 200 Aligned with FarCom 300 Built Enhanced Grunts 300 Friendly Fire -3223 Cogmind --------- Core Integrity 1126/1150 Matter 2/300 Energy 380/380 System Corruption 0% Temperature Cool (0) Movement Core (1000) Ox19 Location -4/Factory Parts ------- > --- POWER (2) -------- Reinforced Fission Core Micro Fission Core > --- PROPULSION (5) --- (None) > --- UTILITY (10) ----- Large Storage Unit Experimental Terrain Scanner Experimental Terrain Scan Processor Advanced Targeting Computer Medium Regenerative Plating Advanced Hacking Suite Relay Coupler [NC] (10) > --- WEAPON (2) ------- Great Axe Phasing Sabre > --- INVENTORY (10) --- Compact Particle Reactor Combat Airjet Fusion Compressor Advanced Cooling System Advanced Melee Analysis Suite Improved Kinecellerator Centrium Medium Armor Plating Advanced Shield Generator AWS/Gauss Peak State ------------ > --- POWER ------------ Compact Particle Reactor Quantum Reactor > --- PROPULSION ------- Centrium Heavy Treads Armored Huge Wheel > --- UTILITY ---------- Advanced Cooling System Large Storage Unit High-capacity Storage Unit High-capacity Storage Unit Advanced Terrain Scanner Experimental Terrain Scan Processor Advanced Targeting Computer Medium Regenerative Plating Advanced Shield Generator > --- WEAPON ----------- Mini Assault Cannon Mini Assault Cannon > --- INVENTORY -------- Armored Huge Wheel Combat Airjet Fusion Compressor Advanced Energy Well Advanced Melee Analysis Suite Centrium Medium Armor Plating Centrium Medium Armor Plating Advanced Hacking Suite Advanced System Shield Relay Coupler [NC] Relay Coupler [Sentry] Relay Coupler [Demolisher] AWS/Gauss Improved Proton Missile Launcher Compact Tesla Bomb Launcher Heavy Missile Launcher Advanced Datajack Improved Remote Datajack Improved Remote Datajack Plasma Cutter Great Axe Phasing Sabre [Rating: 101] Favorites ----------- Power Light Nuclear Core Engine Light Ion Engine Power Core Light Nuclear Core Reactor Quantum Reactor Propulsion Light Treads Treads Light Treads Leg Aluminum Leg Wheel Armored Huge Wheel Hover Unit Cooled Gravmag System Utility High-capacity Storage Unit Device Advanced Terrain Scanner Storage High-capacity Storage Unit Processor Advanced Targeting Computer Hackware Relay Coupler [NC] Protection Improved Light Armor Plating Weapon Gauss Rifle Energy Gun Precision Beam Rifle Energy Cannon Heavy Ion Cannon Ballistic Gun Gauss Rifle Ballistic Cannon Magnetic Acceleration Cannon Launcher Heavy Missile Launcher Special Weapon Remote Datajack Slashing Weapon Great Axe Special Melee Weapon Improved Datajack Build | -11 -10 -10 -10 -9 -8 -8 -7 -7 -7 -6 -6 -6 -6 -6 -6 -6 -5 -4 ------- Run | Scr Mat Min Exi Min Mat Gar Fac Low Low Fac Was Fac Ext Cet Arc Hub Fac Fac Slots Evolved 12 | . . . . . 4 . 2 . . 2 . . . . . . 2 2 Power 1 | . . . . . . . . . . . . . . . . . 1 . Propulsion 3 | . . . . . 1 . . . . 1 . . . . . . . 1 Utility 8 | . . . . . 3 . 2 . . 1 . . . . . . 1 1 Weapon . | . . . . . . . . . . . . . . . . . . . Parts Attached 436 | 8 9 11 2 10 59 66 41 4 . 63 5 16 39 18 8 27 46 4 Power 29 | 1 . 1 . 2 6 2 2 . . 4 . . 3 2 . . 6 . Engine 8 | 1 . 1 . 1 2 . 1 . . 2 . . . . . . . . Core 17 | . . . . 1 4 2 1 . . 2 . . 3 1 . . 3 . Reactor 4 | . . . . . . . . . . . . . . 1 . . 3 . Propulsion 74 | 2 . . . 4 17 12 3 . . 14 2 6 1 1 . . 8 4 Treads 27 | 1 . . . 1 11 6 1 . . 1 . 3 . 1 . . 2 . Leg 19 | . . . . 1 6 . . . . 10 2 . . . . . . . Wheel 20 | 1 . . . 2 . 6 2 . . 3 . 2 1 . . . 3 . Hover 8 | . . . . . . . . . . . . 1 . . . . 3 4 Flight . | . . . . . . . . . . . . . . . . . . . Utility 166 | 2 5 4 1 . 18 20 19 1 . 21 1 5 17 6 7 15 24 . Device 63 | . . 2 . . 5 8 6 1 . 5 1 3 6 3 4 7 12 . Storage 20 | 2 5 2 1 . 5 2 . . . . . . . 1 . 1 1 . Processor 4 | . . . . . . . 2 . . 1 . . . . . 1 . . Hackware 18 | . . . . . . 3 3 . . 5 . 1 1 . 1 1 3 . Protection 61 | . . . . . 8 7 8 . . 10 . 1 10 2 2 5 8 . Artifact . | . . . . . . . . . . . . . . . . . . . Weapon 167 | 3 4 6 1 4 18 32 17 3 . 24 2 5 18 9 1 12 8 . Energy Gun 27 | 2 2 2 . . 7 8 5 . . 1 . . . . . . . . Energy Cannon 23 | . . 1 . . 5 1 5 2 . 2 . . . 1 . 6 . . Ballistic Gun 42 | 1 2 2 . 3 5 14 3 . . 7 . 1 2 1 . 1 . . Ballistic Cannon 14 | . . . . . . . . . . . . . 5 2 . 3 4 . Launcher 16 | . . . . 1 1 3 2 1 . 3 . 1 1 3 . . . . Special Weapon 26 | . . . . . . 2 2 . . 9 2 3 3 1 1 2 1 . Impact Weapon . | . . . . . . . . . . . . . . . . . . . Slashing Weapon 13 | . . . . . . . . . . 2 . . 7 1 . . 3 . Piercing Weapon . | . . . . . . . . . . . . . . . . . . . Special Melee Weapon 6 | . . 1 1 . . 4 . . . . . . . . . . . . Unidentified Prototypes 16 | . . . . . 4 . 1 . . . . 2 . 4 . 3 2 . Parts Lost 39 | . . . . 2 8 3 1 1 . 20 . . 1 . . 1 2 . Power 6 | . . . . 1 2 . . . . 3 . . . . . . . . Propulsion 15 | . . . . 1 2 1 1 . . 8 . . 1 . . . 1 . Utility 8 | . . . . . 2 . . . . 4 . . . . . 1 1 . Weapon 10 | . . . . . 2 2 . 1 . 5 . . . . . . . . Highest Loss Streak 15 | . . . . 1 3 1 1 1 . 15 . . 1 . . 1 1 . Average Slot Usage (%) 92 | . 100 99 93 83 96 95 94 91 92 95 100 92 85 86 85 85 89 66 Engine 3 | . 14 14 14 11 2 . 2 . . 4 6 6 3 . . . . . Core 3 | . . . . 1 5 8 4 7 7 1 . . 2 4 . . 5 10 Treads 12 | . 14 14 14 14 16 24 7 7 7 1 . 2 5 5 6 6 7 . Leg 3 | . . . . 1 10 . . . . 18 26 12 . . . . . . Wheel 5 | . 14 14 14 12 . 2 10 7 7 3 . 3 6 6 6 6 5 . Device 5 | . . 1 . . 5 4 5 6 7 6 12 13 4 6 9 5 6 5 Storage 22 | . 28 26 22 14 26 27 23 23 23 20 20 20 20 20 20 20 17 10 Processor 5 | . . . . . . . 3 7 7 12 13 13 13 13 13 13 11 10 Hackware 3 | . . . . . . 3 5 . . 5 6 6 4 . . . 11 10 Protection 6 | . . . . . 10 6 13 15 15 5 . . 9 13 8 12 3 5 Energy Gun 3 | . 7 8 1 . 7 5 7 1 . 1 . . . . . . . . Energy Cannon 1 | . . . . . 4 . 3 13 15 3 . . . 1 . 9 . . Ballistic Gun 6 | . 20 13 14 25 6 9 2 . . 5 . . 1 1 . . . . Ballistic Cannon 1 | . . . . . . . . . . . . . 4 1 . 1 6 . Special Weapon 1 | . . . . . . 1 . . . . 6 5 3 4 5 . . . Slashing Weapon 1 | . . . . . . . . . . . 6 6 2 2 6 . 4 10 Special Melee Weapon 1 | . . 5 12 2 . 1 . . . . . . . . . . . . Naked Turns . | . . . . . . . . . . . . . . . . . . . Heaviest Build 141 | 14 70 74 86 87 122 113 115 107 107 110 105 100 111 124 123 134 141 75 Greatest Support 80 | 20 20 16 16 40 60 70 28 28 28 74 68 70 70 80 80 80 80 3 Greatest Overweight (x) 24 | . 4 4 5 8 5 8 4 3 3 5 1 3 3 3 1 4 5 24 Average Overweight (x) 2 | . 1 3 4 7 1 1 3 3 3 1 1 1 2 1 1 3 3 21 Largest Inventory Capacity 46 | 8 20 20 24 24 46 26 26 26 26 26 26 26 26 26 26 26 26 24 Average Capacity 24 | 6 12 19 20 24 26 26 26 26 26 26 26 26 26 26 26 26 25 16 Most Carried 26 | 5 20 20 23 24 26 26 26 26 26 26 26 26 26 26 26 26 26 24 Average Carried 24 | 4 11 19 18 22 24 25 25 25 26 25 25 25 25 25 25 25 24 16 Final Capacity 26 | 8 20 20 24 24 26 26 26 26 26 26 26 26 26 26 26 26 24 10 Final Carried 26 | 5 20 20 23 24 26 26 26 26 26 25 26 26 26 26 26 26 24 10 Class Distribution -------------------- 59% | Hauler-Mutant 9% | Hauler-Skirmisher 6% | Scavenger-Mutant 4% | Commander-Mutant 3% | Bothacker-Mutant Dominant Class ---------------- Mutant | -10/Materials Hauler-Mutant | -10/Mines Trapper-Mutant | -10/Exiles Hauler-Mutant | -9/Mines Hauler-Mutant | -8/Materials Hauler-Mutant | -8/Garrison Hauler-Mutant | -7/Factory Hauler-Mutant | -7/Lower Caves Hauler-Mutant | -7/Lower Caves Scavenger-Mutant | -6/Factory Hauler-Mutant | -6/Waste Bothacker-Assassin | -6/Factory Hauler-Mutant | -6/Extension Commander-Mutant | -6/Cetus Commander-Mutant | -6/Archives Hauler-Mutant | -6/Hub_04(d) Scavenger-Assassin | -5/Factory Scavenger-Assassin | -4/Factory Resources | -11 -10 -10 -10 -9 -8 -8 -7 -7 -7 -6 -6 -6 -6 -6 -6 -6 -5 -4 ----------- Run | Scr Mat Min Exi Min Mat Gar Fac Low Low Fac Was Fac Ext Cet Arc Hub Fac Fac Matter Collected 9114 | 340 272 176 . 384 1106 1693 576 89 . 873 . 536 1504 293 149 404 719 . Remotely . | . . . . . . . . . . . . . . . . . . . Salvage Created 13756 | 187 680 126 . 821 1903 2044 974 461 . 1672 350 524 1735 420 280 813 766 . Parts 634 | 8 44 8 . 27 108 73 42 17 . 61 9 23 92 26 23 31 42 . Haulers Intercepted 9 | . 1 . . . 2 . 1 . . . . . . . . 4 1 . Recyclers Shooed 28 | . . 1 . 2 3 . 1 . . 5 . 9 6 . . . 1 . Parts Field Recycled 5 | . . . . . . . . . . . . . . . . . 5 . Retrieved Matter 33 | . . . . . . . . . . . . . . . . . 33 . Parts Self-Destructed 16 | . . . . . . . . 16 . . . . . . . . . . Prevented . | . . . . . . . . . . . . . . . . . . . Kills | -11 -10 -10 -10 -9 -8 -8 -7 -7 -7 -6 -6 -6 -6 -6 -6 -6 -5 -4 ------- Run | Scr Mat Min Exi Min Mat Gar Fac Low Low Fac Was Fac Ext Cet Arc Hub Fac Fac Combat Hostiles Destroyed 190 | . 9 . . 9 29 28 19 9 . 34 1 1 29 4 . 4 14 . Melee 13 | . . . . . . . . . . 1 1 1 7 . . . 3 . Guns 84 | . 9 . . 7 18 22 9 . . 16 . . 3 . . . . . Cannons 50 | . . . . . 3 . 4 7 . 5 . . 17 . . 4 10 . AOE 38 | . . . . 2 7 6 6 2 . 11 . . 2 1 . . 1 . Classes Destroyed 22 | 3 5 . . 1 3 1 5 2 . 1 1 . . . . . . . Worker 35 | 2 8 2 . 1 5 . 3 . . 2 . 5 . . . 5 2 . Builder 11 | . 1 . . . 2 . . . . 3 . 1 2 . . 1 1 . Tunneler 6 | 3 . . . 1 . . . . . . . 1 1 . . . . . Hauler 9 | . 1 . . . 2 . 1 . . . . . . . . 4 1 . Recycler 28 | 1 2 1 . 7 7 . 2 . . 1 . 3 3 . . . 1 . Minesweeper 1 | . . . . . . . . 1 . . . . . . . . . . Mechanic 4 | . . . . . . . 1 . . 2 . . 1 . . . . . Operator 13 | . . . . . 1 . . . . . . . 4 . 8 . . . Watcher 10 | . 1 . . . 4 . 1 . . 2 . 1 . 1 . . . . Swarmer 37 | . 6 . . . 10 10 . . . 6 . . 5 . . . . . Saboteur 1 | . . . . . . . . . . 1 . . . . . . . . Grunt 78 | . 3 . . 6 11 12 10 8 . 15 . . 7 . . 1 5 . Brawler 6 | . . . . . . . . 1 . . . . 5 . . . . . Duelist 7 | . . . . . . . 2 . . 2 . . 3 . . . . . Protector 4 | . . . . . . . 1 . . 2 . . 1 . . . . . Sentry 22 | . . . . . 6 4 1 . . 3 . . 5 . . 2 1 . Demolisher 1 | . . . . . . . 1 . . . . . . . . . . . Hunter 10 | . . . . . 2 1 3 . . 2 . . . 1 . 1 . . Programmer 15 | . . . . . . . 1 . . 3 . 1 2 . . . 8 . Behemoth 2 | . . . . . . 1 . . . . . . 1 . . . . . Compactor 1 | . . . . . . . . . . . 1 . . . . . . . Cetus Guard 3 | . . . . . . . . . . . . . . 3 . . . . Enhanced Grunt 1 | . . . . . . . . . . . . . . . . 1 . . Assembled 3 | . . . . 3 . . . . . . . . . . . . . . Thug 1 | . . . . . . . . . . . . . 1 . . . . . Guerrilla 2 | . . . . . . . . . . . . . . . . 2 . . Best Kill Streak 15 | 3 15 1 . 2 5 4 8 4 . 6 1 4 6 4 4 4 3 . Combat Bots Only 6 | . 3 . . 2 5 4 6 4 . 6 1 1 3 3 . 3 3 . Max Kills in Single Turn 6 | 1 1 1 . 1 4 3 4 1 . 4 1 1 2 1 1 6 2 . Gunslinging 1 | . . . . . 1 . . . . . . . . . . . . . Exploded 4 | . . . . 1 4 3 3 1 . 4 . . 2 1 . . 1 . Melee 1 | . . . . . . . . . . 1 1 1 1 . . . 1 . Uniques/NPCs Destroyed 1 | . . . . . . . . . . . . . . 1 . . . . A7 (-6/Cetus) Combat | -11 -10 -10 -10 -9 -8 -8 -7 -7 -7 -6 -6 -6 -6 -6 -6 -6 -5 -4 -------- Run | Scr Mat Min Exi Min Mat Gar Fac Low Low Fac Was Fac Ext Cet Arc Hub Fac Fac Damage Taken 13076 | . 256 . . 705 1583 1516 1585 258 . 3343 . 43 1568 181 . 1145 833 60 Core 1357 | . 54 . . 116 187 105 143 . . 345 . 23 216 . . 62 82 24 Absorbed by Shields 340 | . . . . . . 12 . . . . . . 202 126 . . . . Reduced by Siege Mode 44 | . . . . . . . . . . . . . 29 . . . 15 . Core Remaining (%) 62 | 100 . . . 32 . 46 . . 79 . . . . . . 24 91 . Volleys Fired 1108 | 20 81 18 . 77 117 279 68 25 1 119 9 6 173 17 6 50 42 . Largest 2 | 2 2 2 . 2 2 2 2 2 2 2 1 1 2 1 1 2 2 . Hottest 190 | 70 60 63 . 40 124 122 130 130 130 130 30 30 81 53 40 190 96 . Shots Fired 1730 | 31 156 25 . 152 223 361 117 48 2 229 9 6 187 17 6 84 77 . Gun 995 | 31 156 24 . 150 167 237 78 3 . 115 . 1 24 . . 9 . . Cannon 469 | . . 1 . . 55 2 29 43 2 92 . . 94 5 . 73 73 . Launcher 37 | . . . . 2 1 11 5 2 . 8 . . 1 7 . . . . Special 229 | . . . . . . 111 5 . . 14 9 5 68 5 6 2 4 . Kinetic 905 | 20 139 17 . 150 81 168 23 . . 85 . 1 118 5 . 25 73 . Thermal 609 | 11 17 7 . . 73 182 84 46 2 122 3 . . 5 . 57 . . Explosive 30 | . . . . 2 1 11 5 2 . 8 . . 1 . . . . . Electromagnetic 76 | . . 1 . . 68 . . . . . . . . 7 . . . . Robot Hit Streak 48 | 4 8 7 . 13 21 48 10 7 . 24 5 10 22 15 3 15 31 . Robot Miss Streak 7 | 3 6 2 . 6 4 4 2 2 . 7 1 . 5 1 1 3 2 . Penetration Max 1 | . . . . . 1 1 . . . . . . 1 . . . . . Secondary Targets 5 | . 1 . . 1 1 2 . . . . . . . . . . . . Max Gunslinging Chain 1 | . 1 . . 1 1 1 . . . . . . . . . . . . Autonomous 24 | . . . . . . . . . . 24 . . . . . . . . Shots Hit Robots 1264 | 17 81 12 6 96 147 251 77 28 . 163 13 37 171 11 22 58 74 . Core Hits 602 | 7 38 3 . 46 64 89 52 19 . 99 2 12 76 16 10 37 32 . Critical Hits 39 | . 1 . . 2 2 17 . 1 . 1 1 2 2 1 . 6 3 . Critical Kills 9 | . . . . 1 . 3 . 1 . . . 1 . . . 1 2 . Critical Parts Destroyed 28 | . 1 . . 1 2 13 . . . 1 . 1 2 1 . 5 1 . Melee Attacks 162 | . . 1 6 . . 7 . . . 5 5 37 41 4 18 . 38 . Thermal 2 | . . . . . . . . . . 2 . . . . . . . . Impact . | . . . . . . . . . . . . . . . . . . . Slashing 146 | . . . . . . . . . . 3 5 37 41 4 18 . 38 . Piercing . | . . . . . . . . . . . . . . . . . . . Sneak Attacks 48 | . . 1 5 . . 3 . . . 1 5 11 5 4 9 . 4 . Combat Hostiles 5 | . . . . . . . . . . . 5 . . . . . . . Follow-up Attacks . | . . . . . . . . . . . . . . . . . . . Damage Inflicted 36510 | 188 753 119 . 968 3474 4625 3242 1044 . 6586 313 2109 4629 1152 1675 2619 3014 . Guns 10221 | 188 753 119 . 804 1807 2549 1102 38 . 2018 . . 686 . . 157 . . Cannons 9503 | . . . . . 1056 . 404 730 . 1558 . . 2320 68 . 1653 1714 . Explosions 8287 | . . . . 164 599 854 1736 276 . 2884 . . 170 671 . 809 124 . Melee 7165 | . . . . . . . . . . 126 281 2109 1453 362 1675 . 1159 . Ramming 38 | . . . . . 12 9 . . . . . . . . . . 17 . Kinetic 11347 | 103 665 78 . 804 920 1698 296 . . 1618 . . 3006 68 . 377 1714 . Thermal 10613 | 85 88 41 . . 1058 2064 2025 768 . 2909 32 . . 51 . 1492 . . Explosive 4649 | . . . . 88 450 798 921 276 . 1822 . . 170 . . . 124 . Electromagnetic 2698 | . . . . 76 1034 56 . . . 111 . . . 671 . 750 . . Impact . | . . . . . . . . . . . . . . . . . . . Slashing 7165 | . . . . . . . . . . 126 281 2109 1453 362 1675 . 1159 . Piercing . | . . . . . . . . . . . . . . . . . . . Highest Corruption 16 | . . . . . 7 11 1 1 1 4 16 16 11 6 5 3 10 . Average Corruption 6 | . . . . . 7 8 1 1 1 3 10 13 6 5 4 3 6 . Corruption Purged 19 | . . . . . . . . . . 2 . 6 5 1 5 . . . Effects 516 | . . . . . 65 193 4 3 . 31 9 50 88 10 11 . 52 . Message Errors 122 | . . . . . 12 42 2 2 . 14 1 17 20 3 . . 9 . Matter Fused 101 | . . . . . 12 36 . . . 6 3 11 14 2 4 . 13 . Heat Flow Errors 60 | . . . . . 7 22 . . . 2 . 5 13 3 1 . 7 . Energy Discharges 59 | . . . . . 6 20 . 1 . 5 1 4 13 1 1 . 7 . Parts Rejected 5 | . . . . . 1 2 . . . . 1 1 . . . . . . Data Loss (minor) 48 | . . . . . 10 16 . . . 1 . 4 10 1 3 . 3 . Data Loss (major) 14 | . . . . . 2 4 . . . . . 1 4 . 1 . 2 . Misfires 15 | . . . . . 3 7 . . . . . . 2 . . . 3 . Alerts 2 | . . . . . . 1 . . . . . . . . . . 1 . Misdirections 11 | . . . . . . 5 . . . . . 4 . . . . 2 . Targeting Errors 74 | . . . . . 10 36 2 . . 3 3 3 11 . 1 . 5 . Weapon Failures 5 | . . . . . 2 2 . . . . . . 1 . . . . . Overload Shots . | . . . . . . . . . . . . . . . . . . . Overflow Damage 2671 | . . . . . 6 13 184 4 . 363 . 651 557 17 555 19 302 . Projectiles 202 | . . . . . 6 . . 4 . 29 . . 42 . . 15 106 . Explosions 510 | . . . . . . 13 184 . . 278 . . . 17 . 4 14 . Melee 1959 | . . . . . . . . . . 56 . 651 515 . 555 . 182 . Knockbacks 30 | . . . . . 1 . . . . . . . 16 . . 1 12 . Impact 1 | . . . . . 1 . . . . . . . . . . . . . Kinetic 27 | . . . . . . . . . . . . . 14 . . 1 12 . Secondary 2 | . . . . . . . . . . . . . 2 . . . . . Self-Inflicted Damage 277 | . . . . 58 60 5 . . . 33 . . . . . 121 . . Shots 9 | . . . . 2 2 1 . . . 2 . . . . . 2 . . Rammed 5 | . . . . . 1 1 . . . . . . . . . . 3 . Targets Rammed 5 | . . . . . 1 1 . . . . . . . . . . 3 . Kicked . | . . . . . . . . . . . . . . . . . . . Crushed . | . . . . . . . . . . . . . . . . . . . Highest Temperature 525 | 18 18 22 . 24 251 283 63 . . 313 4 155 270 239 161 525 440 . Average Temperature 77 | 10 8 11 . 6 75 94 19 . . 55 2 62 64 66 52 121 116 . Received Heat Transfer 2701 | . 57 . . 165 351 309 432 153 . 492 . . 394 24 . 297 27 . Effects 10 | . . . . . . 2 . . . . . . 3 . . 4 1 . Shutdowns 2 | . . . . . . . . . . . . . . . . 1 1 . Energy Bleed 2 | . . . . . . . . . . . . . . . . 2 . . Interference 6 | . . . . . . 2 . . . . . . 3 . . 1 . . Siege Activations 6 | . . . . . . . . . . . . . 3 . . . 3 . Total Turns 126 | . . . . . . . . . . . . . 67 . . . 59 . Longest Duration 45 | . . . . . . . . . . . . . 45 . . . 40 . Robots Corrupted 4 | . . . . . 1 . . . . . . . . 3 . . . . Combat Hostiles 4 | . . . . . 1 . . . . . . . . 3 . . . . Parts Fried 17 | . . . . . 4 . . . . . . . . 6 . 7 . . Impact Corruptions . | . . . . . . . . . . . . . . . . . . . Robots Melted 5 | . . . . . . 4 . . . 1 . . . . . . . . Combat Hostiles 1 | . . . . . . . . . . 1 . . . . . . . . Parts Melted 31 | . . . . . 2 17 4 . . 7 . . 1 . . . . . Heat Transferred 17031 | 187 200 100 . . 1765 5920 2658 1073 . 3425 111 . . 92 . 1500 . . Parts Sabotaged 2 | . . . . . . . . . . 2 . . . . . . . . Parts Stolen . | . . . . . . . . . . . . . . . . . . . Parts Stripped . | . . . . . . . . . . . . . . . . . . . Power Chain Reactions 5 | . . . . . 4 . . . . . . . . . . 1 . . Missiles Intercepted . | . . . . . . . . . . . . . . . . . . . Alert | -11 -10 -10 -10 -9 -8 -8 -7 -7 -7 -6 -6 -6 -6 -6 -6 -6 -5 -4 ------- Run | Scr Mat Min Exi Min Mat Gar Fac Low Low Fac Was Fac Ext Cet Arc Hub Fac Fac Peak Influence 1336 | 30 313 215 . 100 338 1149 1129 . . 1176 1081 1091 1336 1298 625 1173 820 152 Average Influence 571 | 12 162 45 . 13 153 895 861 . . 711 620 842 567 984 561 601 641 152 Maximum Alert Level 4 | . 1 1 . . 1 4 4 . . 4 3 3 4 4 2 4 3 . Low Security (%) 26 | 100 67 95 . 100 82 2 . . . . . . 9 . . 6 . 100 Level 1 11 | . 32 4 . . 17 4 . . . 27 10 . 34 . . 9 9 . Level 2 19 | . . . . . . 13 26 . . 12 48 28 23 . 100 52 57 . Level 3 36 | . . . . . . 67 60 . . 50 40 71 26 98 . 30 32 . Level 4 5 | . . . . . . 11 12 . . 9 . . 6 1 . . . . Level 5 . | . . . . . . . . . . . . . . . . . . . High Security . | . . . . . . . . . . . . . . . . . . . Max Security . | . . . . . . . . . . . . . . . . . . . Squads Dispatched 57 | . . . . 1 6 . 9 . . 15 . 1 11 . . 9 5 . Investigation 16 | . . . . . 4 . 3 . . 3 . . 2 . . 2 2 . Extermination 8 | . . . . . . . 1 . . 2 . 1 . . . 1 3 . Reinforcement 16 | . . . . 1 2 . 2 . . 5 . . 4 . . 2 . . Assault 12 | . . . . . . . 3 . . 4 . . 5 . . . . . Garrison 5 | . . . . . . . . . . 1 . . . . . 4 . . Intercept . | . . . . . . . . . . . . . . . . . . . Construction Impeded 2 | . . . . 1 . . 1 . . . . . . . . . . . Haulers Reinforced 3 | . . . . . . . . . . 1 . . . . . 2 . . Stealth | -11 -10 -10 -10 -9 -8 -8 -7 -7 -7 -6 -6 -6 -6 -6 -6 -6 -5 -4 --------- Run | Scr Mat Min Exi Min Mat Gar Fac Low Low Fac Was Fac Ext Cet Arc Hub Fac Fac Distress Signals 14 | . 2 . . . 1 . 1 . . 6 . . 1 1 . 2 . . Communications Jammed . | . . . . . . . . . . . . . . . . . . . Distress Signals . | . . . . . . . . . . . . . . . . . . . Times Spotted 407 | . 19 . . 12 45 39 41 9 . 63 4 12 90 11 13 29 18 2 Peak Tracking Total 17 | . 5 . . 3 4 4 6 4 . 6 2 3 10 5 2 17 2 2 Tactical Retreats 36 | . 1 . . 1 6 8 1 . . 6 . . 10 . . 1 2 . Traps | -11 -10 -10 -10 -9 -8 -8 -7 -7 -7 -6 -6 -6 -6 -6 -6 -6 -5 -4 ------- Run | Scr Mat Min Exi Min Mat Gar Fac Low Low Fac Was Fac Ext Cet Arc Hub Fac Fac Traps Triggered 20 | . . . . 2 1 10 1 . . 2 . 2 1 . . 1 . . Indirectly 4 | . . . . 2 . 2 . . . . . . . . . . . . Trap Hack Attempts 23 | . . 23 . . . . . . . . . . . . . . . . Triggered . | . . . . . . . . . . . . . . . . . . . Disarmed . | . . . . . . . . . . . . . . . . . . . Reprogrammed 3 | . . 3 . . . . . . . . . . . . . . . . Reused 3 | . . . . 1 . 1 . . . 1 . . . . . . . . Traps Extracted 3 | . . 3 . . . . . . . . . . . . . . . . Installed 7 | . . . . 3 . 3 . . . 1 . . . . . . . . Triggered 10 | . . . . 1 . 1 . . 7 1 . . . . . . . . Exploded 1 | . . . . . 1 . . . . . . . . . . . . . Machines | -11 -10 -10 -10 -9 -8 -8 -7 -7 -7 -6 -6 -6 -6 -6 -6 -6 -5 -4 ---------- Run | Scr Mat Min Exi Min Mat Gar Fac Low Low Fac Was Fac Ext Cet Arc Hub Fac Fac Machines Disabled 57 | . . 14 . . 4 8 6 . . 8 . 1 4 1 2 7 2 . Max in Single Turn 14 | . . 14 . . 2 2 2 . . 3 . . 1 . . 5 1 . Garrison Access 3 | . . . . . . . 2 . . . . 1 . . . . . . Garrison Relay 4 | . . . . . . 4 . . . . . . . . . . . . Network Hub 1 | . . . . . . . . . . . . . . . . 1 . . Machines Sabotaged . | . . . . . . . . . . . . . . . . . . . Garrisons Compromised . | . . . . . . . . . . . . . . . . . . . Overloaded Fab Kills . | . . . . . . . . . . . . . . . . . . . Fab Network Shutdowns 2 | . . . . . . . . . . 1 . 1 . . . . . . Hacking | -11 -10 -10 -10 -9 -8 -8 -7 -7 -7 -6 -6 -6 -6 -6 -6 -6 -5 -4 --------- Run | Scr Mat Min Exi Min Mat Gar Fac Low Low Fac Was Fac Ext Cet Arc Hub Fac Fac Machines Accessed 68 | . 3 1 2 . 15 . 6 . . 7 . 6 12 4 . 5 7 . Terminals 44 | . 3 . . . 10 . 2 . . 3 . 1 12 4 . 4 5 . Fabricators 5 | . . . . . . . . . . 2 . 2 . . . . 1 . Repair Stations 1 | . . . . . 1 . . . . . . . . . . . . . Recycling Units 3 | . . . . . 2 . 1 . . . . . . . . . . . Scanalyzers 5 | . . . . . 1 . 1 . . 1 . 2 . . . . . . Garrison Access 7 | . . . . . 1 . 2 . . 1 . 1 . . . 1 1 . Total Hacks 203 | . 8 1 7 . 43 . 15 . . 16 . 29 37 11 . 12 24 . Successful 110 | . 4 1 7 . 27 . 9 . . 10 . 20 13 5 . 5 9 . Failed 92 | . 4 . . . 15 . 6 . . 6 . 9 24 6 . 7 15 . Catastrophic 11 | . 1 . . . 1 . . . . 3 . . 1 . . 1 4 . Database Lockouts 1 | . . . . . 1 . . . . . . . . . . . . . Manual 86 | . 5 . 1 . 18 . 2 . . 5 . 7 21 12 . 6 9 . Terminals 132 | . 8 . . . 29 . 4 . . 5 . 8 37 11 . 10 20 . Fabricators 10 | . . . . . . . . . . 3 . 5 . . . . 2 . Repair Stations 2 | . . . . . 2 . . . . . . . . . . . . . Recycling Units 10 | . . . . . 7 . 3 . . . . . . . . . . . Scanalyzers 27 | . . . . . 4 . 3 . . 6 . 14 . . . . . . Garrison Access 14 | . . . . . 1 . 5 . . 2 . 2 . . . 2 2 . Terminal Hacks 42 | . 2 1 7 . 10 . . . . . . 4 10 2 . 2 4 . Record 6 | . . . 6 . . . . . . . . . . . . . . . Part Schematic 2 | . . . . . . . . . . . . . . 2 . . . . Robot Schematic 2 | . 1 . . . 1 . . . . . . . . . . . . . Robot Analysis 1 | . . . . . 1 . . . . . . . . . . . . . Prototype ID Bank 2 | . . . . . 1 . . . . . . . . . . . 1 . Open Door 7 | . . 1 . . . . . . . . . 1 5 . . . . . Branch Access Points 1 | . . . . . . . . . . . . . . . . . 1 . Terminal Index 3 | . 1 . . . 1 . . . . . . . 1 . . . . . Unreport Threat 8 | . . . . . 2 . . . . . . 3 1 . . . 2 . Recall Investigation 2 | . . . . . 1 . . . . . . . 1 . . . . . Recall Reinforcements 1 | . . . . . . . . . . . . . 1 . . . . . Hauler Manifests 3 | . . . . . 1 . . . . . . . . . . 2 . . Registered Components 1 | . . . . . 1 . . . . . . . . . . . . . Zone Layout 2 | . . . . . 1 . . . . . . . 1 . . . . . EX-Prototype ID Bank 1 | . . . 1 . . . . . . . . . . . . . . . Fabricator Hacks 7 | . . . . . . . . . . 1 . 4 . . . . 2 . Load Schematic 3 | . . . . . . . . . . . . 2 . . . . 1 . Build 4 | . . . . . . . . . . 1 . 2 . . . . 1 . Repair Station Hacks 2 | . . . . . 2 . . . . . . . . . . . . . Scan Component 1 | . . . . . 1 . . . . . . . . . . . . . Repair 1 | . . . . . 1 . . . . . . . . . . . . . Recycling Unit Hacks 5 | . . . . . 3 . 2 . . . . . . . . . . . Retrieve Components 5 | . . . . . 3 . 2 . . . . . . . . . . . Scanalyzer 22 | . . . . . 4 . 2 . . 6 . 10 . . . . . . Insert Component 11 | . . . . . 2 . 1 . . 3 . 5 . . . . . . Analyze 11 | . . . . . 2 . 1 . . 3 . 5 . . . . . . Garrison Access Hacks 10 | . . . . . 1 . 4 . . 1 . 2 . . . 1 1 . Unlock Access 1 | . . . . . 1 . . . . . . . . . . . . . Seal Access 3 | . . . . . . . 2 . . . . 1 . . . . . . Coupler Status 6 | . . . . . . . 2 . . 1 . 1 . . . 1 1 . Unauthorized Hacks 62 | . 4 . . . 17 . 3 . . 7 . 1 9 7 . 8 6 . Terminals 15 | . 2 . . . 5 . . . . . . . 3 3 . 1 1 . Track 4 | . 1 . . . 2 . . . . . . . . . . 1 . . Assimilate 1 | . . . . . . . . . . . . . . . . . 1 . Botnet 10 | . 1 . . . 3 . . . . . . . 3 3 . . . . Fabricators 1 | . . . . . . . . . . 1 . . . . . . . . Haulers 1 | . . . . . . . . . . 1 . . . . . . . . Repair Stations . | . . . . . . . . . . . . . . . . . . . Recycling Units 3 | . . . . . 2 . 1 . . . . . . . . . . . Tunnel 3 | . . . . . 2 . 1 . . . . . . . . . . . Scanalyzers . | . . . . . . . . . . . . . . . . . . . Garrison Access 3 | . . . . . . . . . . 1 . . . . . 1 1 . Eject 3 | . . . . . . . . . . 1 . . . . . 1 1 . Data Cores Recovered . | . . . . . . . . . . . . . . . . . . . Used . | . . . . . . . . . . . . . . . . . . . Hacking Detections 54 | . 2 . . . 11 . 4 . . 6 . 5 12 3 . 4 7 . Full Trace Events 7 | . . . . . 1 . 2 . . 1 . . 2 . . . 1 . Feedback Events . | . . . . . . . . . . . . . . . . . . . Feedback Blocked . | . . . . . . . . . . . . . . . . . . . Robot Schematics Acquired 2 | . 1 . . . 1 . . . . . . . . . . . . . Robots Built 1 | . . . . . . . . . . . . 1 . . . . . . Matter 219 | . . . . . . . . . . . . 219 . . . . . . Time 58 | . . . . . . . . . . . . 58 . . . . . . Total Robot Build Rating 3 | . . . . . . . . . . . . 3 . . . . . . Part Schematics Acquired 11 | . . . . . 2 . 1 . . 3 . 4 . 1 . . . . Parts Built 5 | . . . . . . . . . . 2 . 2 . . . . 1 . Matter 482 | . . . . . . . . . . 212 . 168 . . . . 102 . Time 170 | . . . . . . . . . . 35 . 84 . . . . 51 . Total Part Build Rating 21 | . . . . . . . . . . 12 . 8 . . . . 1 . Parts Repaired 1 | . . . . . 1 . . . . . . . . . . . . . Time 26 | . . . . . 26 . . . . . . . . . . . . . Parts Recycled . | . . . . . . . . . . . . . . . . . . . Recycled Matter . | . . . . . . . . . . . . . . . . . . . Retrieved Matter . | . . . . . . . . . . . . . . . . . . . Retrieved Components 12 | . . . . . 9 . 3 . . . . . . . . . . . Parts Scanalyzed 11 | . . . . . 2 . 1 . . 3 . 5 . . . . . . Part Schematics Acquired 10 | . . . . . 2 . 1 . . 3 . 4 . . . . . . Parts Damaged . | . . . . . . . . . . . . . . . . . . . Bothacking | -11 -10 -10 -10 -9 -8 -8 -7 -7 -7 -6 -6 -6 -6 -6 -6 -6 -5 -4 ------------ Run | Scr Mat Min Exi Min Mat Gar Fac Low Low Fac Was Fac Ext Cet Arc Hub Fac Fac Used RIF Installer 1 | . . . . . . 1 . . . . . . . . . . . . Robots Hacked 38 | . . . 4 . . 3 1 . . 7 5 3 10 . 3 1 1 . Non-combat 14 | . . . 3 . . . 1 . . 1 . 3 5 . . . 1 . Combat 24 | . . . 1 . . 3 . . . 6 5 . 5 . 3 1 . . Robot Hacks Applied 48 | . . . 4 . . 3 4 . . 10 5 3 11 . 4 2 2 . parse_system 6 | . . . 4 . . . . . . . . . 2 . . . . . find_chute 1 | . . . . . . . . . . 1 . . . . . . . . drop_inventory 2 | . . . . . . . . . . . . . 2 . . . . . ignore_parts 2 | . . . . . . . . . . . . 2 . . . . . . purge_threat 2 | . . . . . . . 2 . . . . . . . . . . . block_reporting 2 | . . . . . . . 1 . . . . . . . . . 1 . map_route 1 | . . . . . . . . . . . . 1 . . . . . . mark_security 1 | . . . . . . . . . . . . . 1 . . . . . ignore_targets 5 | . . . . . . . . . . . 5 . . . . . . . find_shortcuts 1 | . . . . . . . . . . . . . 1 . . . . . spike_heat 6 | . . . . . . 1 . . . 2 . . 1 . 2 . . . overload_power 1 | . . . . . . . 1 . . . . . . . . . . . wipe_record 1 | . . . . . . . . . . 1 . . . . . . . . disable_weapons 1 | . . . . . . . . . . 1 . . . . . . . . reboot_system 1 | . . . . . . . . . . 1 . . . . . . . . overwrite_iff 7 | . . . . . . . . . . 3 . . . . 2 2 . . streamctrl_high 2 | . . . . . . 2 . . . . . . . . . . . . formatsys_low 2 | . . . . . . . . . . . . . 1 . . . 1 . formatsys_high 4 | . . . . . . . . . . 1 . . 3 . . . . . Relay Couplers Released 35 | . . . . . . 16 . . . 8 . 4 . . . 4 3 . Ejected 11 | . . . . . . . . . . 4 . . . . . 4 3 . Machine Destruction 16 | . . . . . . 16 . . . . . . . . . . . . Programmers 8 | . . . . . . . . . . 4 . 4 . . . . . . Attached 15 | . . . . . . 3 2 . . 5 . 1 1 . 1 1 1 . Robots Rewired 24 | . . . . . . 3 . . . . . . 21 . . . . . Allies Hacked . | . . . . . . . . . . . . . . . . . . . Hacks Repelled . | . . . . . . . . . . . . . . . . . . . Allies | -11 -10 -10 -10 -9 -8 -8 -7 -7 -7 -6 -6 -6 -6 -6 -6 -6 -5 -4 -------- Run | Scr Mat Min Exi Min Mat Gar Fac Low Low Fac Was Fac Ext Cet Arc Hub Fac Fac Total Allies 58 | . . . . . . 5 . . . 4 . 7 32 5 2 1 2 . Largest Group 10 | . . . . . . 3 3 . . 3 . 7 10 8 7 5 2 1 Highest-Rated Group 695 | . . . . . . 63 59 . . 105 . 206 420 695 494 351 113 10 Highest-Rated Ally 156 | . . . . . . 21 21 . . 47 . 31 156 156 94 94 87 10 Total Orders 36 | . . . . 1 . 4 5 . . . 1 . 13 2 . 2 8 . STAY 8 | . . . . . . 1 . . . . . . 3 . . 1 3 . GOTO 14 | . . . . 1 . 2 3 . . . . . 5 1 . . 2 . FOLLOW 13 | . . . . . . 1 2 . . . . . 5 1 . 1 3 . EXPLORE 1 | . . . . . . . . . . . 1 . . . . . . . Ally Attacks 652 | . . . . . . 17 80 . . 16 . 47 309 65 21 90 7 . Total Damage 15795 | . . . . . . 391 1798 . . 480 . 584 6809 1819 762 2911 241 . Kills 117 | . . . . . . 1 14 . . 2 . 5 51 13 3 27 1 . Allies Corrupted 2 | . . . . . . . . . . . . . 1 . . . 1 . Allies Melted . | . . . . . . . . . . . . . . . . . . . Intel | -11 -10 -10 -10 -9 -8 -8 -7 -7 -7 -6 -6 -6 -6 -6 -6 -6 -5 -4 ------- Run | Scr Mat Min Exi Min Mat Gar Fac Low Low Fac Was Fac Ext Cet Arc Hub Fac Fac Robot Analysis Total 1 | . . . . . 1 . . . . . . . . . . . . . Derelict Logs Recovered 5 | . . 3 . 1 . . . 1 . . . . . . . . . . Drone Launches 3 | . . . 1 . . . . . . 2 . . . . . . . . Drone Recoveries . | . . . . . . . . . . . . . . . . . . . Exploration | -11 -10 -10 -10 -9 -8 -8 -7 -7 -7 -6 -6 -6 -6 -6 -6 -6 -5 -4 ------------- Run | Scr Mat Min Exi Min Mat Gar Fac Low Low Fac Was Fac Ext Cet Arc Hub Fac Fac Turns Passed 25017 | 154 551 1465 586 1583 2829 5127 1851 624 178 1990 174 1125 2897 567 474 917 1882 43 Spaces Moved 12200 | 61 237 923 389 795 1160 1847 1019 416 135 1012 73 597 1569 265 151 495 1054 2 Core 7 | 5 . . . . . . . . . . . . . . . . . 2 Treads 3838 | 47 21 . . 31 781 1776 . . . . . 230 495 240 151 6 60 . Legs 1500 | . . . . . 379 . . . . 734 73 314 . . . . . . Wheels 6855 | 9 216 923 389 764 . 71 1019 416 135 278 . 53 1074 25 . 489 994 . Hover . | . . . . . . . . . . . . . . . . . . . Flight . | . . . . . . . . . . . . . . . . . . . Fastest Speed 50 | 50 100 120 100 150 160 110 130 130 130 115 150 110 110 110 180 140 110 1000 Average Speed 153 | 142 125 139 141 160 194 179 131 130 130 140 150 159 142 173 180 140 136 1125 Slowest Speed 1250 | 160 160 140 150 240 280 250 140 130 130 270 150 180 180 180 180 180 220 1250 Overloaded Moves . | . . . . . . . . . . . . . . . . . . . Propulsion Burnouts . | . . . . . . . . . . . . . . . . . . . Robots Hopped . | . . . . . . . . . . . . . . . . . . . Cave-ins Triggered 2 | . . . . . 1 1 . . . . . . . . . . . . Exploration Rate (%) 54 | 5 52 95 72 84 83 96 22 53 18 20 79 12 87 63 79 42 25 . Regions Visited 18 Branch Regions 9 Pre-discovered Areas 7 | . . 2 1 1 2 . 1 . . . . . . . . . . . Known Exits Taken 2 | . . . . . 1 . . 1 . . . . . . . . . . Unknown Exits Taken 13 | 1 1 1 1 1 . . 1 . 1 . . 1 1 1 1 1 1 . Scrap Searched 6 | . . 1 . 1 . . . 4 . . . . . . . . . . Spaces Dug 42 | . . . . 7 2 2 1 2 . 9 . . 3 . . 4 12 . Terrain Destroyed 647 | . . 30 . 13 87 78 45 20 1 129 . . 34 1 . 174 35 . Melee 17 | . . . . . . . . . . 2 . . 3 . . . 12 . Projectile 85 | . . . . . 3 9 4 9 1 18 . . 14 1 . 16 10 . AOE 545 | . . 30 . 13 84 69 41 11 . 109 . . 17 . . 158 13 . Actions | -11 -10 -10 -10 -9 -8 -8 -7 -7 -7 -6 -6 -6 -6 -6 -6 -6 -5 -4 --------- Run | Scr Mat Min Exi Min Mat Gar Fac Low Low Fac Was Fac Ext Cet Arc Hub Fac Fac Total 16508 | 93 346 1080 425 979 1526 3186 1413 450 135 1372 119 707 2005 343 320 610 1372 27 Wait 2047 | . 5 69 . 80 97 916 254 3 . 108 23 18 155 15 130 19 143 12 Move 12183 | 60 236 922 388 794 1160 1845 1018 415 134 1012 72 596 1568 264 150 494 1053 2 Hop . | . . . . . . . . . . . . . . . . . . . Pick Up 225 | 5 12 22 22 7 40 20 10 2 . 33 2 14 5 8 3 4 16 . Fast Attach 136 | 7 . 4 1 4 21 16 13 . . 13 1 4 8 7 3 11 23 . Attach 80 | . 1 . . 1 19 8 5 2 . 22 . 4 3 2 2 1 6 4 Detach 20 | . . . . . 4 2 . . . 3 . 2 1 1 . 1 2 4 Swap 220 | 1 8 7 1 5 19 42 23 2 . 28 4 8 28 9 3 15 17 . Drop 276 | . 3 14 6 8 48 38 22 1 . 27 3 18 14 16 5 15 33 5 Fire 1108 | 20 81 18 . 77 117 279 68 25 1 119 9 6 173 17 6 50 42 . Melee 158 | . . 1 6 . . 7 . . . 5 5 37 41 4 18 . 34 . Ram . | . . . . . . . . . . . . . . . . . . . Kick . | . . . . . . . . . . . . . . . . . . . Crush 5 | . . . . . 1 1 . . . . . . . . . . 3 . Escape Stasis 17 | . . . . . . 9 . . . . . . 8 . . . . . Rewire 1 | . . . . . . . . . . . . . 1 . . . . . Trap 30 | . . 23 . 3 . 3 . . . 1 . . . . . . . . Miscellaneous 2 | . . . 1 . . . . . . 1 . . . . . . . . Route ------- -11/Scrapyard -10/Materials (discovered 2 exits: *Mat / *Min) -10/Mines (discovered 3 exits: *Mat x2 / *Exi) -10/Exiles -9/Mines -8/Materials (discovered 3 exits: *Fac x2 / Gar) -8/Garrison (discovered 3 exits: *Fac x3) -7/Factory (discovered 3 exits: *Fac / [*Low x2]) -7/Lower Caves -7/Lower Caves -6/Factory (discovered 3 exits: *Fac x2 / [Low]) -6/Waste -6/Factory -6/Extension (discovered 2 exits: *Fac / *Cet) -6/Cetus -6/Archives (discovered 3 exits: *Fac / *Hub x2) -6/Hub_04(d) (discovered 4 exits: *Fac x4) -5/Factory (discovered 4 exits: [*Fac x2] / Upp x2) -4/Factory History --------- Turn | Location | Event 14 | -11/Scrapyard | Discovered new exit (range 16) 155 | -11/Scrapyard | Entered Materials 303 | -10/Materials | Build established: Mutant 390 | -10/Materials | Discovered new exit (range 14) 612 | -10/Materials | Discovered new exit (range 12) 706 | -10/Materials | Entered Mines 829 | -10/Mines | Build established: Hauler-Mutant 858 | -10/Mines | Learned location of Storage (-7) 858 | -10/Mines | Discovered new exit (range 5) 924 | -10/Mines | Deemed a non-threat by the Exiles lab entrance 925 | -10/Mines | Discovered new exit (range 5) 1023 | -10/Mines | Learned location of Zion (-7) 1091 | -10/Mines | Met a Derelict who couldn't figure out how to use a Trap Extractor 1200 | -10/Mines | Learned 2 Materials zone layouts 1201 | -10/Mines | Identified exit to Materials 2171 | -10/Mines | Entered Exiles 2214 | -10/Exiles | Met 8R-AWN 2245 | -10/Exiles | Met EX-HEX 2302 | -10/Exiles | Met EX-BIN 2321 | -10/Exiles | Aligned with FarCom system 2322 | -10/Exiles | Given EX-Vault access code 2356 | -10/Exiles | Opened EX-Vault 2365 | -10/Exiles | Found AWS/Gauss 2410 | -10/Exiles | Warned to stay clear of 0b10 Research branches 2448 | -10/Exiles | Met EX-DEC 2500 | -10/Exiles | Build established: Trapper-Mutant 2740 | -10/Exiles | Discovered new exit (range 14) 2757 | -10/Exiles | Left Exiles lab with AWS/Gauss 2757 | -10/Exiles | Entered Mines 2757 | -9/Mines | Accompanied by 1 ally 2758 | -9/Mines | Discovered new exit (range 20) 2761 | -9/Mines | Met a Derelict bent on vengeance 2838 | -9/Mines | Build established: Hauler-Mutant 2920 | -9/Mines | Assembled infested the area 3050 | -9/Mines | Core integrity fell below 50% 3486 | -9/Mines | Found a hidden stash of uninstalled traps 4340 | -9/Mines | Entered Materials 4340 | -8/Materials | Evolved 4 slots: Propulsion x1, Utility x3 5005 | -8/Materials | Discovered new exit (range 14) 5342 | -8/Materials | Crushed by falling debris 5373 | -8/Materials | Lost 3 parts (1p2n) 5570 | -8/Materials | Repaired Lrg. Storage Unit 6836 | -8/Materials | Discovered new exit (range 8) 7134 | -8/Materials | Central database locked down 7169 | -8/Materials | Identified exit to Garrison 7169 | -8/Materials | Entered Garrison 7268 | -8/Garrison | Triggered checkpoint 7279 | -8/Garrison | Triggered checkpoint 7378 | -8/Garrison | Triggered checkpoint 7530 | -8/Garrison | Discovered new exit (range 15) 7627 | -8/Garrison | Triggered checkpoint 7804 | -8/Garrison | Discovered new exit (range 10) 7831 | -8/Garrison | Installed Relay Interface Framework 8138 | -8/Garrison | Triggered checkpoint 8244 | -8/Garrison | Garrison Relay disabled 8908 | -8/Garrison | Triggered checkpoint 8984 | -8/Garrison | Build established: Hauler-Skirmisher 9058 | -8/Garrison | Garrison Relay disabled 9296 | -8/Garrison | Triggered checkpoint 9337 | -8/Garrison | Garrison Relay disabled 9358 | -8/Garrison | Spotted B-75 Beast 9368 | -8/Garrison | Build established: Hauler-Mutant 9435 | -8/Garrison | Discovered new exit (range 16) 9611 | -8/Garrison | Triggered checkpoint 9648 | -8/Garrison | Garrison Relay disabled 10083 | -8/Garrison | Build established: Hauler-Skirmisher 10275 | -8/Garrison | Found Unknown Protection 10275 | -8/Garrison | Identified Hvy. Reflective Plating 10420 | -8/Garrison | Core integrity fell below 50% 10639 | -8/Garrison | Crushed by falling debris 10640 | -8/Garrison | System corruption reached 10% 10727 | -8/Garrison | Build established: Hauler-Mutant 11179 | -8/Garrison | Destroyed B-75 Beast 12296 | -8/Garrison | Entered Factory 12296 | -7/Factory | Accompanied by 3 allies 12296 | -7/Factory | Evolved 2 slots: Utility x2 12696 | -7/Factory | First assault squad dispatched 13138 | -7/Factory | Discovered new exit (range 7) 13382 | -7/Factory | Build established: Hauler-Skirmisher 13597 | -7/Factory | Discovered new exit (range 14) 13833 | -7/Factory | Build established: Hauler-Mutant 14060 | -7/Factory | Discovered new exit (range 15) 14147 | -7/Factory | Entered Lower Caves 14194 | -7/Lower Caves | Identified exit to Lower Caves 14521 | -7/Lower Caves | Encountered a Warlord checkpoint 14771 | -7/Lower Caves | Entered another Lower Caves area 14941 | -7/Lower Caves | Discovered new exit (range 6) 14949 | -7/Lower Caves | Entered Factory 14949 | -6/Factory | Evolved 2 slots: Propulsion x1, Utility x1 15083 | -6/Factory | Garrison activated, responded to threat 15259 | -6/Factory | Discovered new exit (range 18) 15299 | -6/Factory | First assault squad dispatched 15551 | -6/Factory | Lost 15 parts (3p6n2u4w) 15745 | -6/Factory | Local fabrication network quarantined 15754 | -6/Factory | Fabricated Adv. Shield Generator (x2) 15877 | -6/Factory | Build established: Scavenger-Mutant 16268 | -6/Factory | Discovered new exit (range 14) 16400 | -6/Factory | Discovered new exit (range 20) 16939 | -6/Factory | Sucked down chute 16939 | -6/Factory | Entered Waste 16954 | -6/Waste | EMP discharged 16954 | -6/Waste | Spotted C-40 Crusher 16955 | -6/Waste | 2 allies followed down the chute 16968 | -6/Waste | Found Prototype Launcher 16992 | -6/Waste | Spotted C-40 Crusher 16993 | -6/Waste | Spotted C-40 Crusher 17037 | -6/Waste | Spotted C-40 Crusher 17044 | -6/Waste | Spotted C-40 Crusher 17054 | -6/Waste | EMP discharged 17054 | -6/Waste | System corruption reached 10% 17061 | -6/Waste | Discovered new exit (range 16) 17081 | -6/Waste | Destroyed C-40 Crusher 17113 | -6/Waste | Entered Factory 17363 | -6/Factory | Identified Com. Tesla Bomb Launcher 17420 | -6/Factory | Build established: Hauler-Assassin 17561 | -6/Factory | Fabricated Arm. Huge Wheel? 17595 | -6/Factory | Allied Derelicts emerged from ambush trap array 17603 | -6/Factory | Discovered new exit (range 9) 17673 | -6/Factory | Fabricated M-28 Smith? 17678 | -6/Factory | Allied Derelicts emerged from ambush trap array 17822 | -6/Factory | Build established: Bothacker-Assassin 17823 | -6/Factory | Local fabrication network quarantined 18238 | -6/Factory | Entered Extension 18238 | -6/Extension | Accompanied by 6 allies 18429 | -6/Extension | Spotted B-75 Beast 18433 | -6/Extension | Core integrity fell below 50% 18437 | -6/Extension | Allies destroyed B-75 Beast 18455 | -6/Extension | Spotted B-75 Beast 18471 | -6/Extension | Destroyed B-75 Beast 18488 | -6/Extension | Disrupted transfer network 18912 | -6/Extension | Rescued a captive Derelict 19001 | -6/Extension | Build established: Commander-Mutant 19256 | -6/Extension | Rescued a captive Derelict 19257 | -6/Extension | Rescued a captive Derelict 19444 | -6/Extension | Build established: Hauler-Mutant 19638 | -6/Extension | First assault squad dispatched 20329 | -6/Extension | Rescued a captive Derelict 20330 | -6/Extension | Rescued a captive Derelict 20697 | -6/Extension | Rescued A7 20888 | -6/Extension | Rescued a captive Derelict 21091 | -6/Extension | Discovered new exit (range 10) 21092 | -6/Extension | Discovered new exit (range 6) 21135 | -6/Extension | Entered Cetus 21135 | -6/Cetus | Accompanied by 6 allies 21140 | -6/Cetus | Acquired a Cetus Manufacturing Module code from A7 21158 | -6/Cetus | Spotted Cetus Guard 21158 | -6/Cetus | Spotted Cetus Guard 21162 | -6/Cetus | Spotted Cetus Guard 21164 | -6/Cetus | Spotted Cetus Guard 21166 | -6/Cetus | Allies destroyed Cetus Guard 21168 | -6/Cetus | Destroyed Cetus Guard 21177 | -6/Cetus | Destroyed Cetus Guard 21178 | -6/Cetus | Destroyed Cetus Guard 21290 | -6/Cetus | Started Cetus Manufacturing Module 21315 | -6/Cetus | Manufactured an Enhanced Grunt 21340 | -6/Cetus | Manufactured an Enhanced Grunt 21365 | -6/Cetus | Manufactured an Enhanced Grunt 21390 | -6/Cetus | Manufactured an Enhanced Grunt 21415 | -6/Cetus | Manufactured an Enhanced Grunt 21447 | -6/Cetus | Discovered new exit (range 15) 21492 | -6/Cetus | Destroyed A7 21524 | -6/Cetus | Extracted ID and sensor layout for unrecognized location from A7's data core 21547 | -6/Cetus | Found Med. Regenerative Plating 21589 | -6/Cetus | Found Prototype Device 21589 | -6/Cetus | Identified Exp. Thermal Shield 21676 | -6/Cetus | Build established: Commander-Mutant 21702 | -6/Cetus | Entered Archives 21702 | -6/Archives | Accompanied by 6 allies 21801 | -6/Archives | Discovered new exit (range 16) 21823 | -6/Archives | Discovered new exit (range 15) 21879 | -6/Archives | Discovered new exit (range 16) 22176 | -6/Archives | Entered Hub_04(d) 22176 | -6/Hub_04(d) | Accompanied by 5 allies 22226 | -6/Hub_04(d) | Discovered new exit (range 18) 22339 | -6/Hub_04(d) | Found Prototype Processor 22339 | -6/Hub_04(d) | Identified Exp. Terrain Scan Processor 22349 | -6/Hub_04(d) | Discovered new exit (range 14) 22457 | -6/Hub_04(d) | Discovered new exit (range 19) 22742 | -6/Hub_04(d) | Discovered new exit (range 15) 23090 | -6/Hub_04(d) | Network Hub disabled 23090 | -6/Hub_04(d) | Spotted Lightning 23093 | -6/Hub_04(d) | Entered Factory 23093 | -5/Factory | Accompanied by 1 ally 23093 | -5/Factory | Evolved 2 slots: Power x1, Utility x1 23455 | -5/Factory | Discovered new exit (range 20) 23498 | -5/Factory | Build established: Hauler-Skirmisher 23787 | -5/Factory | Discovered new exit (range 15) 24185 | -5/Factory | Fabricated Lrg. Storage Unit (x1) 24395 | -5/Factory | Found Prototype Device 24395 | -5/Factory | Identified Exp. Terrain Scanner 24551 | -5/Factory | System corruption reached 10% 24693 | -5/Factory | Identified exit to Upper Caves 24955 | -5/Factory | Build established: Scavenger-Assassin 24966 | -5/Factory | Discovered new exit (range 7) 24975 | -5/Factory | Entered another Factory area 24975 | -4/Factory | Accompanied by 1 ally 24975 | -4/Factory | Evolved 2 slots: Propulsion x1, Utility x1 25018 | -4/Factory | Self-destructed Last Messages --------------- 24803_ Technician 6a reveals location of hidden door. 24821_ System corrupted: Energy discharge (-129). 24843_ System corrupted: Matter fused (-7). 24868_ System corrupted: Substantial component data lost. 24893_ L3LEW7ML/FPJTCJP%2Z66AUM E4 FW 24924_ S#XKN 1 SNIOKMHTGPVIDUAK2T&DF 24959_ 5EJLTQAZSXL /7L5TWE2>I/C 24966_ EXIT=FOUND PARAMETERS=PROPULSION_1,UTILITY_1 LOCATION=UNKNOWN GOAL=ESCAPE 24975_ Receiving FarCom transmissions... 24975_ Dropped Arm. Huge Wheel. 24976_ Technician 6a reports 0b10 security level has lowered to 0. 24976_ Dropped Med. Treads. 24989_ Dropped Hcp. Storage Unit. 25002_ Dropped Lrg. Storage Unit. 25017_ Penetrated by Slug. 25017_ Slug penetrates Technician 6a. 25017_ Slug penetrates Wall. Map ----- +----------------------------------------------------+ | ?????? """ """ # """?######### | | ?????# """ """ # """ ######### | | ????## """ """ # ######### | | ????## # " " ######### | | ??################# ""G"" #####?### | | ?################## ######### | | ?#################################### | | ##############?###################### | | ##################################### | | ##?################################## | | ###############?###########?##?###### | | #################### ######### | | ##?################# """"######### | | #################### """"####?#### | | #################### """"######### | | ###########?####### """"######### | | ################### """"######### | | ################### ?""""###?##?## | | ################### """"######### | | ################### ######### | | ###?###################+############ | | # # ######### | | ? # !=]!######### | | # # !==|!######### | | # ? """?"" # ]o!]=#####?### | | # """""" # ]!@!!######### | | # """""" # #####/############ | | ## """""" # # h ######## | | + # # ######## | | ## """""" + # h ?######## | | ## """""" # ? # ######## | | ## """"?" # # ######## | | ## """""" # # """ ######## | | ## # # """"? # ### | | ##+########### # """"" #### ### | | ## #### ##+############### | | ## #### ? ##### # | | ## #### ##### # | | ## #### ##### # | | ## #### ##### # | | ## #### ##### # | | ?# #### ##### # | | ? # # | | ??? ? # # | | ?? + ? # | | ??? # # | | ???? # # | | ?????#?##+############+##+# """" # | | ?????? ? ## # """" # | | ??????? ? ## # """" ? # | +----------------------------------------------------+ Best States ------------- Heat Dissipation 71 Energy Generation 43 Energy Capacity 575 Matter Stores 300 Matter Capacity 300 Sight Range 16 Terrain Scan Range 30 Terrain Scan Density 1110 EM Shielding 2 Armor Coverage 900 Resistance: KI 20 Resistance: TH 30 Core Shielding 30 Propulsion Shielding 66 Utility Shielding 66 Weapon Shielding 66 Evasion (%) 40 Targeting Accuracy 8 Recoil Reduction 3 Kinecelleration 40 Offensive Hacking 14 Defensive Hacking 14 Item Schematics ----------------- Lgt. Fission Core | -8/Materials | Scanalyzed Imp. Weapon Shielding | -8/Materials | Scanalyzed Arm. Wheel | -7/Factory | Scanalyzed Adv. Terrain Scanner | -6/Factory | Scanalyzed Mic. Nuclear Core | -6/Factory | Scanalyzed Arm. Huge Wheel | -6/Factory | Scanalyzed Hvy. Treads | -6/Factory | Scanalyzed Imp. Utility Shielding | -6/Factory | Scanalyzed Adv. Melee Analysis Suite | -6/Factory | Scanalyzed Cmb. Airjet | -6/Factory | Scanalyzed Lrg. Storage Unit | -6/Cetus | Hacked Robot Schematics ------------------ O-16 Technician | -10/Materials | Hacked M-28 Smith | -8/Materials | Hacked Fabricated ------------ Adv. Shield Generator | x2 | -6/Factory | Preloaded Arm. Huge Wheel | x2 | -6/Factory M-28 Smith | x1 | -6/Factory Lrg. Storage Unit | x1 | -5/Factory Alien Tech Used ----------------- None Achievements -------------- None Challenges ------------ None Game ------ Seed DecoderMappingFlamer Manual? 0 Play Time 03:15:03 Cumulative 303.1 hours Start 2019.11.20 @ 01:41:19 End 2019.11.20 @ 05:28:24 Sessions 1 Manual Loads 0 Difficulty Rogue Special Mode None Game No. 227 Rogue 227 Adventurer 0 Explorer 0 Win Type - Total 3 Types 3/0/0/0/0/0/0 Lore% 74 Gallery% 81 Achievement% 59 Wizard Run 0 Options --------- ASCII 0 Keyboard 0 Movement Mouse Keybinds 1 Fullscreen 2 Font 24/Smallcaps Map View 76x50 Tactical HUD 1 Map Filters NONE Filters NONE Steam X RUN: 3258c1ec-7a59-4da0-9a3c-6e7695dccb03